PR
TULSA OTTERS @ LONG ISLAND DUCKS
05/21/2042
 
TOP OF THE 1ST
Tulsa Otters batting - Pitching for Long Island Ducks : RHP Liu-liang Liu
Pitching: RHP Liu-liang Liu
Batting: RHB Donnie Williams 0-0: Called Strike
0-1: SINGLE (Groundball, 56D, EV 106.9 MPH)
Batting: LHB Karl Monks 0-0: Ball
1-0: Ball
2-0: Ball
3-0: Called Strike
3-1: Foul Ball, location: 2F
3-2: Foul Ball, location: 2F
3-2: Foul Ball, location: 2F
3-2: Fly out, F4 (Popup, 34, EV 60.6 MPH)
Batting: RHB Joe Smith 0-0: Called Strike
0-1: SINGLE (Line Drive, 7S, EV 101.2 MPH)
Donnie Williams to second
Batting: RHB Tim White 0-0: Fly out, F8 (Flyball, 8LD, EV 100.0 MPH)
Runner from 2nd tags up, SAFE at 3rd with throw by CF
Batting: RHB Júlio Rivera 0-0: Called Strike
0-1: Ball
1-1: Fly out, F5 (Popup, 5SF, EV 71.9 MPH)
Top of the 1st over - 0 runs, 2 hits, 0 errors, 2 left on base; Tulsa 0 - Long Island 0
BOTTOM OF THE 1ST
Long Island Ducks batting - Pitching for Tulsa Otters : RHP Ron Ward
Pitching: RHP Ron Ward
Batting: RHB George Samuels 0-0: Ball
1-0: Ball
2-0: Ball
3-0: Called Strike
3-1: Base on Balls
Batting: RHB Shu-yaan Seema 0-0: Called Strike
0-1: Swinging Strike
0-2: Ball
Wild Pitch!
George Samuels to second
1-2: Strikes out swinging
Batting: RHB Abdul Razzad Zaimukhes 0-0: Foul Ball, location: 2F
0-1: Swinging Strike
0-2: Ball
1-2: Foul Ball, location: 2F
1-2: Foul Ball, location: 2F
1-2: Fly out, F8 (Flyball, 8LXD, EV 105.6 MPH)
Runner from 2nd tags up, SAFE at 3rd, no throw by CF
Batting: LHB Michizane Yamashita 0-0: Called Strike
0-1: Ball
1-1: Ground out U3 (Groundball, 3L, EV 105.0 MPH)
Bottom of the 1st over - 0 runs, 0 hits, 0 errors, 1 left on base; Tulsa 0 - Long Island 0
TOP OF THE 2ND
Tulsa Otters batting - Pitching for Long Island Ducks : RHP Liu-liang Liu
Batting: RHB Greg Nieto 0-0: Ball
1-0: Foul Ball, location: 2F
1-1: Swinging Strike
1-2: Ball
2-2: Foul Ball, location: 2F
2-2: Strikes out looking
Batting: RHB Rick Caldwell 0-0: Ground out 6-3 (Groundball, 6, EV 91.9 MPH)
Batting: LHB Benjamin Renninger 0-0: Ball
1-0: Ball
2-0: Foul Ball, location: 2F
2-1: Fly out, F8 (Flyball, 8LD, EV 105.6 MPH)
Top of the 2nd over - 0 runs, 0 hits, 0 errors, 0 left on base; Tulsa 0 - Long Island 0
BOTTOM OF THE 2ND
Long Island Ducks batting - Pitching for Tulsa Otters : RHP Ron Ward
Batting: RHB Alfredo Torres 0-0: Ball
1-0: Ball
2-0: Called Strike
2-1: Ball
3-1: Fly out, F8 (Flyball, 78D, EV 93.1 MPH)
Batting: RHB Al Ruíz 0-0: Ball
1-0: Called Strike
1-1: Foul Ball, location: 2F
1-2: Strikes out swinging
Batting: LHB Danny Stone 0-0: Fly out, F5 (Popup, 5, EV 68.8 MPH)
Bottom of the 2nd over - 0 runs, 0 hits, 0 errors, 0 left on base; Tulsa 0 - Long Island 0
TOP OF THE 3RD
Tulsa Otters batting - Pitching for Long Island Ducks : RHP Liu-liang Liu
Batting: RHB Ethan Lewis 0-0: Called Strike
0-1: Ball
1-1: Foul Ball, location: 2F
1-2: Foul Ball, location: 2F
1-2: Ball
2-2: Ground out 5-3 (Groundball, 56, EV 87.5 MPH)
Batting: RHB Donnie Williams 0-0: Called Strike
0-1: Ball
1-1: Called Strike
1-2: Ball
2-2: Ball
3-2: Strikes out swinging
Batting: LHB Karl Monks 0-0: Called Strike
0-1: Ball
1-1: Foul Ball, location: 2F
1-2: Ball
2-2: Ball
3-2: SINGLE (Popup, 4D, EV 55.6 MPH)
Batting: RHB Joe Smith 0-0: Called Strike
Karl Monks steals 2nd base
0-1: Swinging Strike
0-2: Ball
1-2: Strikes out looking
Top of the 3rd over - 0 runs, 1 hit, 0 errors, 1 left on base; Tulsa 0 - Long Island 0
BOTTOM OF THE 3RD
Long Island Ducks batting - Pitching for Tulsa Otters : RHP Ron Ward
Batting: RHB Rob Fuller 0-0: Called Strike
0-1: Fly out, F9 (Flyball, 9D, EV 93.1 MPH)
Batting: RHB Tom Kelley 0-0: Foul Ball, location: 2F
0-1: Ball
1-1: Swinging Strike
1-2: Ball
2-2: Ball
3-2: Strikes out swinging
Batting: RHB George Samuels 0-0: Called Strike
0-1: Called Strike
0-2: Ball
1-2: Foul Ball, location: 2F
1-2: Ball
2-2: SINGLE (Groundball, 56D, EV 108.8 MPH)
Batting: RHB Shu-yaan Seema 0-0: Ball
George Samuels is caught stealing 2nd base 2-4
Bottom of the 3rd over - 0 runs, 1 hit, 0 errors, 0 left on base; Tulsa 0 - Long Island 0
TOP OF THE 4TH
Tulsa Otters batting - Pitching for Long Island Ducks : RHP Liu-liang Liu
Batting: RHB Tim White 0-0: Fly out, F7 (Flyball, 8LS, EV 83.1 MPH)
Batting: RHB Júlio Rivera 0-0: Ball
1-0: Called Strike
1-1: Ball
2-1: Ground out 1-3 (Groundball, 15S, EV 73.1 MPH)
Batting: RHB Greg Nieto 0-0: Swinging Strike
0-1: Foul Ball, location: 2F
0-2: Ball
1-2: Ball
2-2: Ball
3-2: Strikes out looking
Top of the 4th over - 0 runs, 0 hits, 0 errors, 0 left on base; Tulsa 0 - Long Island 0
BOTTOM OF THE 4TH
Long Island Ducks batting - Pitching for Tulsa Otters : RHP Ron Ward
Batting: RHB Shu-yaan Seema 0-0: Ball
1-0: Swinging Strike
1-1: Foul Ball, location: 2F
1-2: Ball
2-2: Ball
3-2: Foul Ball, location: 2F
3-2: Foul Ball, location: 2F
3-2: Foul Ball, location: 2F
3-2: Base on Balls
Batting: RHB Abdul Razzad Zaimukhes 0-0: Ball
1-0: Swinging Strike
1-1: Ground out 5-3 (Groundball, 56S, EV 68.8 MPH)
Shu-yaan Seema to second
Batting: LHB Michizane Yamashita 0-0: Ball
1-0: Ball
2-0: Called Strike
2-1: Ball
3-1: Base on Balls
Batting: RHB Alfredo Torres 0-0: Ball
1-0: Ball
2-0: Ball
3-0: Called Strike
3-1: Called Strike
3-2: 3-RUN HOME RUN (Flyball, 7D, EV 97.5 MPH), Distance : 383 ft
Batting: RHB Al Ruíz 0-0: Bunted foul
0-1: Ball
1-1: Called Strike
1-2: Foul Ball, location: 2F
1-2: Ball
2-2: SINGLE (Groundball, 6MD, EV 97.5 MPH)
Batting: LHB Danny Stone 0-0: Ball
1-0: Called Strike
1-1: Fly out, F8 (Flyball, 89D, EV 84.4 MPH)
Batting: RHB Rob Fuller 0-0: Called Strike
0-1: Ball
1-1: Ball
2-1: Ball
3-1: Foul Ball, location: 2F
3-2: Base on Balls
Al Ruíz to second
Batting: RHB Tom Kelley 0-0: Ball
1-0: Swinging Strike
1-1: Foul Ball, location: 2F
1-2: Fly out, F8 (Flyball, 78M, EV 90.0 MPH)
Bottom of the 4th over - 3 runs, 2 hits, 0 errors, 2 left on base; Tulsa 0 - Long Island 3
TOP OF THE 5TH
Tulsa Otters batting - Pitching for Long Island Ducks : RHP Liu-liang Liu
Batting: RHB Rick Caldwell 0-0: Called Strike
0-1: Foul Ball, location: 2F
0-2: Ball
1-2: SINGLE (Groundball, 34D, EV 105.0 MPH)
Batting: LHB Benjamin Renninger 0-0: Swinging Strike
0-1: Foul Ball, location: 2F
0-2: Foul Ball, location: 2F
0-2: Fly out, F8 (Flyball, 8RD, EV 107.5 MPH)
Batting: RHB Ethan Lewis 0-0: Ball
1-0: Foul Ball, location: 2F
1-1: Ball
2-1: Ball
3-1: Foul Ball, location: 2F
3-2: 2-RUN HOME RUN (Flyball, 9D, EV 93.8 MPH), Distance : 379 ft
Batting: RHB Donnie Williams 0-0: Ball
1-0: Ball
2-0: Ball
3-0: Called Strike
3-1: SINGLE (Flyball, 78S, EV 83.1 MPH)
Batting: LHB Karl Monks 0-0: Called Strike
0-1: Ball
1-1: Called Strike
1-2: Foul Ball, location: 2F
1-2: Ball
2-2: Fly out, F8 (Flyball, 8RS, EV 85.6 MPH)
Batting: RHB Joe Smith 0-0: Ball
1-0: Called Strike
1-1: Ball
2-1: Ball
3-1: DOUBLE (Line Drive, 89D, EV 113.1 MPH)
Donnie Williams to third
Runner from 3rd tries for Home, SAFE, no throw by RF
Batting: RHB Tim White 0-0: Fly out, F8 (Flyball, 8LD, EV 92.5 MPH)
Top of the 5th over - 3 runs, 4 hits, 0 errors, 1 left on base; Tulsa 3 - Long Island 3
BOTTOM OF THE 5TH
Long Island Ducks batting - Pitching for Tulsa Otters : RHP Ron Ward
Batting: RHB George Samuels 0-0: Called Strike
0-1: Ball
1-1: Ball
2-1: Foul Ball, location: 2F
2-2: SINGLE (Flyball, 8RS, EV 93.8 MPH)
Batting: RHB Shu-yaan Seema 0-0: Ball
George Samuels steals 2nd base (no throw)
1-0: Swinging Strike
1-1: Swinging Strike
1-2: Strikes out looking
Batting: RHB Abdul Razzad Zaimukhes 0-0: Swinging Strike
0-1: Ball
1-1: Foul Ball, location: 2F
1-2: Foul Ball, location: 2F
1-2: Fly out, F5 (Popup, 56S, EV 80.6 MPH)
Batting: LHB Michizane Yamashita 0-0: Swinging Strike
0-1: Ground out 1-3 (Groundball, 15S, EV 71.9 MPH)
Bottom of the 5th over - 0 runs, 1 hit, 0 errors, 1 left on base; Tulsa 3 - Long Island 3
TOP OF THE 6TH
Tulsa Otters batting - Pitching for Long Island Ducks : RHP Liu-liang Liu
Batting: RHB Júlio Rivera 0-0: Foul Ball, location: 2F
0-1: Ball
1-1: Foul Ball, location: 2F
1-2: Fly out, F7 (Line Drive, 7, EV 91.9 MPH)
Batting: RHB Greg Nieto 0-0: Ball
1-0: Ball
2-0: Foul Ball, location: 2F
2-1: Fly out, F8 (Flyball, 8LS, EV 84.4 MPH)
Batting: RHB Rick Caldwell 0-0: Fly out, F9 (Flyball, 9S, EV 80.0 MPH)
Top of the 6th over - 0 runs, 0 hits, 0 errors, 0 left on base; Tulsa 3 - Long Island 3
BOTTOM OF THE 6TH
Long Island Ducks batting - Pitching for Tulsa Otters : RHP Ron Ward
Pitching: LHP Sancho Altagracia
Batting: RHB Alfredo Torres 0-0: Called Strike
0-1: Ball
1-1: Ball
2-1: SOLO HOME RUN (Flyball, 7LD, EV 90.6 MPH), Distance : 355 ft
Batting: RHB Al Ruíz 0-0: Ball
1-0: Ball
2-0: Ball
3-0: Called Strike
3-1: Base on Balls
Batting: LHB Danny Stone 0-0: Ball
1-0: Ball
2-0: Foul Ball, location: 2F
2-1: Foul Ball, location: 2F
2-2: SINGLE (Groundball, 34D, EV 93.8 MPH)
Al Ruíz to second
Runner from 2nd tries for 3rd, SAFE, no throw by RF
Batting: RHB Rob Fuller 0-0: Called Strike
0-1: Called Strike
0-2: SINGLE (Groundball, 6MD, EV 99.4 MPH)
Al Ruíz scores
Danny Stone to second
Runner from 2nd tries for 3rd, SAFE, throw by CF made to third
Batting: RHB Tom Kelley 0-0: SINGLE (Flyball, 8LS, EV 92.5 MPH)
Danny Stone scores
Rob Fuller to second
Pitching: RHP Marty Logan
Batting: RHB George Samuels 0-0: Ball
1-0: Ball
2-0: Ball
3-0: Called Strike
3-1: Bunt missed!
3-2: Fly out, F7 (Line Drive, 7, EV 90.6 MPH)
Batting: RHB Shu-yaan Seema 0-0: SINGLE (Groundball, 4MD, EV 98.1 MPH)
Rob Fuller to third
Tom Kelley to second
Runner from 3rd tries for Home, SAFE, throw by CF to home
Batting: RHB Abdul Razzad Zaimukhes 0-0: Called Strike
0-1: Foul Ball, location: 2F
0-2: Ball
1-2: Ball
2-2: Strikes out looking
Batting: LHB Michizane Yamashita 0-0: Foul Ball, location: 2F
0-1: Called Strike
0-2: Ball
1-2: Ball
2-2: Fly out, F9 (Flyball, 9, EV 93.1 MPH)
Bottom of the 6th over - 4 runs, 5 hits, 0 errors, 2 left on base; Tulsa 3 - Long Island 7
TOP OF THE 7TH
Tulsa Otters batting - Pitching for Long Island Ducks : RHP Liu-liang Liu
Batting: LHB Benjamin Renninger 0-0: Called Strike
0-1: Ball
1-1: SINGLE (Flyball, 78M, EV 91.2 MPH)
Pitching: LHP Pepe Franco
Batting: RHB Ethan Lewis 0-0: Called Strike
0-1: Ball
1-1: Ball
2-1: Ball
3-1: Called Strike
3-2: Strikes out looking
Batting: RHB Donnie Williams 0-0: Swinging Strike
0-1: Foul Ball, location: 2F
0-2: Strikes out swinging
Batting: LHB Karl Monks 0-0: Ball
1-0: Swinging Strike
1-1: Foul Ball, location: 2F
1-2: Ball
2-2: Ball
3-2: Strikes out looking
Top of the 7th over - 0 runs, 1 hit, 0 errors, 1 left on base; Tulsa 3 - Long Island 7
BOTTOM OF THE 7TH
Long Island Ducks batting - Pitching for Tulsa Otters : RHP Marty Logan
Batting: RHB Alfredo Torres 0-0: Called Strike
0-1: Ball
1-1: Ball
2-1: Called Strike
2-2: Ball
3-2: Foul Ball, location: 2F
3-2: Base on Balls
Batting: RHB Al Ruíz 0-0: Bunted foul
0-1: Bunted foul
0-2: SINGLE (Groundball, 5S, EV 71.9 MPH) (infield hit)
Alfredo Torres to second
Batting: LHB Danny Stone 0-0: Called Strike
0-1: Foul Ball, location: 2F
0-2: Ball
1-2: Ball
2-2: Fielders Choice at 2nd, 4-6 (Groundball, 4, EV 80.0 MPH)
Alfredo Torres to third
Batting: RHB Rob Fuller 0-0: Ball
1-0: Called Strike
1-1: Ball
2-1: Ball
3-1: Base on Balls
Danny Stone to second
Batting: RHB Tom Kelley 0-0: Called Strike
0-1: Foul Ball, location: 2F
0-2: Ball
1-2: Foul Ball, location: 2F
1-2: Ball
2-2: Strikes out swinging
Batting: RHB George Samuels 0-0: Foul Ball, location: 2F
0-1: Ball
1-1: Called Strike
1-2: Ball
2-2: Strikes out looking
Bottom of the 7th over - 0 runs, 1 hit, 0 errors, 3 left on base; Tulsa 3 - Long Island 7
TOP OF THE 8TH
Tulsa Otters batting - Pitching for Long Island Ducks : LHP Pepe Franco
Batting: RHB Joe Smith 0-0: Ball
1-0: Foul Ball, location: 2F
1-1: Swinging Strike
1-2: SINGLE (Line Drive, 89S, EV 88.1 MPH)
Batting: RHB Tim White 0-0: Ball
1-0: Foul Ball, location: 2F
1-1: Swinging Strike
1-2: Foul Ball, location: 2F
1-2: Ball
2-2: Hit by Pitch
Joe Smith to second
Batting: RHB Júlio Rivera 0-0: Foul Ball, location: 2F
0-1: Fly out, F8 (Flyball, 8LM, EV 95.6 MPH)
Batting: RHB Greg Nieto 0-0: Foul Ball, location: 2F
0-1: Foul Ball, location: 2F
0-2: Foul Ball, location: 2F
0-2: Ball
1-2: Ball
2-2: Ball
3-2: Foul Ball, location: 2F
3-2: Foul Ball, location: 2F
3-2: Foul Ball, location: 2F
3-2: DOUBLE (Line Drive, 9LM, EV 99.4 MPH)
Joe Smith scores
Tim White to third
Runner from 3rd tries for Home, SAFE, throw by RF to trailing runner, SAFE at third!
Pitching: LHP Bailey O'Donnell
Batting: RHB Rick Caldwell 0-0: Foul Ball, location: 2F
0-1: Swinging Strike
0-2: Strikes out swinging
Batting: LHB Benjamin Renninger 0-0: Ball
1-0: Foul Ball, location: 2F
1-1: SINGLE (Groundball, 34, EV 99.4 MPH) (infield hit)
Greg Nieto scores
Pinch Hitting: RHB Sergio Núńez 0-0: Ground out 4-3 (Groundball, 34, EV 107.5 MPH)
Top of the 8th over - 3 runs, 3 hits, 0 errors, 1 left on base; Tulsa 6 - Long Island 7
BOTTOM OF THE 8TH
Long Island Ducks batting - Pitching for Tulsa Otters : RHP Marty Logan
Now at 1B: Ricardo Dávila
Batting: RHB Shu-yaan Seema 0-0: Ball
1-0: Fly out, F9 (Flyball, 9LSF, EV 90.0 MPH)
Batting: RHB Abdul Razzad Zaimukhes 0-0: Ball
1-0: Ball
2-0: Ball
3-0: Swinging Strike
3-1: Swinging Strike
3-2: Foul Ball, location: 2F
3-2: Ground out 5-3 (Groundball, 56, EV 82.5 MPH)
Batting: LHB Michizane Yamashita 0-0: Called Strike
0-1: Called Strike
0-2: Strikes out swinging
Bottom of the 8th over - 0 runs, 0 hits, 0 errors, 0 left on base; Tulsa 6 - Long Island 7
TOP OF THE 9TH
Tulsa Otters batting - Pitching for Long Island Ducks : LHP Bailey O'Donnell
Pitching: RHP Harvey Caldwell
Pinch Hitting: RHB Kevin Jackson 0-0: Ball
1-0: Ground out 6-3 (Groundball, 56S, EV 86.9 MPH)
Batting: LHB Karl Monks 0-0: Foul Ball, location: 2F
0-1: SINGLE (Flyball, 8LD, EV 98.8 MPH)
Batting: RHB Joe Smith 0-0: Called Strike
0-1: Ball
1-1: Ball
2-1: Foul Ball, location: 2F
2-2: Fielders Choice at 2nd, 4-6 (Groundball, 4, EV 100.6 MPH)
Pinch Hitting: RHB José Rivas 0-0: Ball
1-0: Called Strike
1-1: Ball
2-1: Fly out, F8 (Flyball, 78XD, EV 98.8 MPH)
Top of the 9th over - 0 runs, 1 hit, 0 errors, 1 left on base; Tulsa 6 - Long Island 7
Friday, March 26th, 2021 - OOTP Baseball 20.8 Build 74